 Dungeon Crawl Stone Soup version 0.31-a0-1370-gf52a5a9ab3 (webtiles) character file.

Game seed: 10245912546477466921

56 Ekaitz the Sneak (level 3, -2/25 HPs)
             Began as a Vampire Enchanter on Dec 23, 2023.
             Was an Initiate of Kikubaaqudgha.
             Slain by an orc
             ... wielding a +0 whip
              (6 damage)
             ... on level 3 of the Dungeon.
             The game lasted 00:03:42 (1893 turns).

Ekaitz the Sneak (Vampire Enchanter)                Turns: 1893, Time: 00:03:42

Health: -2/25      AC:  2    Str:  7    XL:     3   Next: 71%
Magic:  0/6        EV: 12    Int: 17    God:    Kikubaaqudgha [......]
Gold:   74         SH:  0    Dex: 16    Spells: 0/6 levels left

rFire   . . .        a - +1 dagger
rCold   . . .        (no shield)
rNeg    . . .        b - +0 robe
rPois   .            (no helmet)
rElec   .            (no cloak)
rCorr   .            (no gloves)
SInv    +            (no boots)
Will    .....        (no amulet)
Stlth   +            (no ring)
HPRegen 0.44/turn    (no ring)
MPRegen 0.10/turn

%: no passive effects
@: confused, healing quickly
A: alive, fangs 3, see invisible, vampiric 2
a: Exsanguinate, Renounce Religion


You were on level 3 of the Dungeon.
You worshipped Kikubaaqudgha.
Kikubaaqudgha was noncommittal.
You visited 1 branch of the dungeon, and saw 3 of its levels.

You collected 74 gold pieces.

Inventory:

Hand Weapons
 a - a +1 dagger (weapon)
Missiles
 g - 4 atropa-tipped darts
Armour
 b - a +0 robe (worn)
Scrolls
 e - 2 scrolls of immolation {unknown}
 f - a scroll of poison {unknown}
 h - a scroll of noise {unknown}
 l - a scroll of silence {unknown}
 m - a scroll of blinking {unknown}
 o - a scroll of identify {unknown}
Potions
 c - 2 potions of invisibility
 d - a potion of brilliance {unknown}
 i - 2 potions of magic {unknown}
 j - 2 potions of curing {unknown}
 k - a potion of enlightenment {unknown}
 n - 2 potions of might {unknown}
 p - 2 potions of lignification {unknown}


   Skills:
 * Level 0.9 Fighting
 + Level 1.4 Short Blades
 * Level 2.4 Dodging
 + Level 5.3 Stealth
 + Level 2.2 Spellcasting
 * Level 5.1 Hexes
 * Level 0.3 Necromancy
 * Level 0.4 Ice Magic


You couldn't memorise any spells.
You knew the following spells:

 Your Spells              Type           Power      Damage    Failure   Level
a - Ensorcelled Hibernat  Hex/Ice        22%        N/A       10%         2
b - Confusing Touch       Hex            19%        N/A       7%          3
f - Necrotise             Necr           8%         1d4       17%         1

Your spell library contained the following spells:

 Spells                   Type           Power      Damage    Failure   Level
 Tukima's Dance           Hex            19%        N/A       7%          3
 Apportation              Tloc           2%         N/A       19%         1
 Sting                    Conj/Alch      4%         1d3       19%         1
 Summon Small Mammal      Summ           4%         N/A       19%         1
 Dazzling Flash           Conj/Hex       20%        N/A       21%         3


Dungeon Overview and Level Annotations

Branches:
Dungeon (3/15)

Altars:
Dithmenos
Kikubaaqudgha


Innate Abilities, Weirdness & Mutations

Your natural rate of healing is accelerated.
You have razor-sharp teeth.
You have supernaturally acute eyesight. (SInv)
You are afflicted with vampirism and can become a bat while bloodless.


Message History

An orc comes into view. It is wielding a +0 whip.
The orc shouts!
You hear a shout!
The orc wizard shouts!
You closely miss the orc.
The orc shouts!
The orc hits you with a +0 whip. The orc attacks as it pursues you!
The orc hits you with a +0 whip.
Casting: Necrotise (safe; 17% risk of failure)
Confirm with . or Enter, or press ? or * to list all spells.
Aiming: Ensorcelled Hibernation (safe; 10% risk of failure)
Press: ? - help, Shift-Dir - straight line, f - orc wizard
Aim: an orc wizard, wielding a +0 dagger and wearing a +0 robe (chance to affect: 45%)
The orc wizard resists with some effort.
The orc wizard hits you but does no damage.
The orc hits you with a +0 whip.
An orc comes into view. It is wielding a +0 club.
Casting: Ensorcelled Hibernation (safe; 10% risk of failure)
Confirm with . or Enter, or press ? or * to list all spells.
Aiming: Ensorcelled Hibernation (safe; 10% risk of failure)
Press: ? - help, Shift-Dir - straight line, f/p - orc wizard
Aim: an orc wizard, wielding a +0 dagger and wearing a +0 robe (chance to affect: 45%)
The orc wizard resists with some effort.
The orc priest casts a cantrip, but nothing happens.
The orc wizard closely misses you. The orc hits you with a +0 whip.
Casting: Ensorcelled Hibernation (safe; 10% risk of failure)
Confirm with . or Enter, or press ? or * to list all spells.
Aiming: Ensorcelled Hibernation (safe; 10% risk of failure)
Press: ? - help, Shift-Dir - straight line, f/p - orc wizard
Aim: an orc wizard, wielding a +0 dagger and wearing a +0 robe (chance to affect: 45%)
The orc wizard resists with some effort.
The orc priest calls down the wrath of Beogh upon you.
Beogh smites you!
* * * LOW HITPOINT WARNING * * *
The orc wizard barely misses you. The orc closely misses you.
You barely miss the orc wizard. The orc wizard casts a spell at you.
You are confused.
The orc hits you with a +0 whip.
You die...
Kikubaaqudgha rasps: "You have failed me!
Welcome... death!"

#.# ## ###.# #.. ..#.#
#.# #######.#.###### #^#
#.....#.#.......
###.####.###.#.#.......
#............#.#..#####
###.#.####.##..#.#.......
#....ooo@o...............
#.#.#o####.#...#....#####
#.#.#.##..........##### #
#.# .....#......##...
o.o..#.#.#...........
oo#. #...#.....#...##
.... #...............
.### #......#..#.#... ..
#.#<..##..#.#.#.


You could see an orc priest, an orc wizard and 3 orcs.

Vanquished Creatures
  An adder (D:2)
  2 worms
  2 dart slugs (D:1)
  4 ball pythons
  3 bats
  4 endoplasms
  2 giant cockroaches
  2 goblins
  A hobgoblin (D:2)
  2 jackals (D:1)
  A kobold (D:1)
  2 quokkas
  2 frilled lizards
  7 rats
35 creatures vanquished.

Notes
Turn   | Place    | Note
-------+----------+-------------------------------------------
     0 | D:1      | Ekaitz the Vampire Enchanter began the quest for the Orb.
     0 | D:1      | Reached XP level 1. HP: 13/13 MP: 3/3
   130 | D:1      | Reached XP level 2. HP: 14/20 MP: 5/5
   135 | D:1      | Learned a level 2 spell: Ensorcelled Hibernation
   346 | D:1      | Reached skill level 5 in Stealth
   827 | D:2      | Reached skill level 5 in Hexes
   977 | D:2      | Gained mutation: You are afflicted with vampirism and can
                  | become a bat while bloodless. [Vampire growth]
   977 | D:2      | Reached XP level 3. HP: 14/25 MP: 6/6
   981 | D:2      | Learned a level 3 spell: Confusing Touch
  1080 | D:2      | Learned a level 1 spell: Necrotise
  1710 | D:3      | Found an ancient bone altar of Kikubaaqudgha.
  1715 | D:3      | Became a worshipper of Kikubaaqudgha
  1717 | D:3      | Found a shadowy altar of Dithmenos.
  1893 | D:3      | Slain by an orc

Illustrated notes

Levels and vault maps discovered:
D:1:      wander_arrival_estate, layout_loops_ring, st_stairs_14
D:2:      layout_basic
D:3:      layout_basic, mainiacjoe_overflow_tiny_flanked,
          nicolae_overflow_hidden_temple, grunt_dithmenos_smoke,
          mrwooster_statue_mirror

Skill      XL: |  1  2 |
---------------+-------+-----
Stealth        | 5 |  5.3
Hexes          | 5 |  5.1
Fighting       | |  0.9
Short Blades   | |  1.4
Dodging        | |  2.4
Spellcasting   | |  2.2
Necromancy     | |  0.3
Ice Magic      | |  0.4

Action                     || total
---------------------------++-------
  Melee: Dagger            ||    90
         Bite              ||     7
         Punch             ||     1
   Cast: Ensorcelled Hiber ||    12
         Necrotise         ||     3
   Stab: Sleeping          ||    13
 Armour: Robe              ||    48
  Dodge: Dodged            ||    52

Table legend: (Time is in decaauts)
 A = Elapsed time spent in this place.
 B = Non-inter-level travel time spent in this place.
 C = Inter-level travel time spent in this place.
 D = Time resting spent in this place.
 E = Time spent auto-exploring this place.
 F = Levels seen in this place.
 G = Mean time per level.
                   A        B        C        D        E       F      G
               +--------+--------+--------+--------+--------+-----+--------+
         Total |   1887 |   1836 |     51 |     20 |   1489 |   3 |  629.0 |
       Dungeon |   1887 |   1836 |     51 |     20 |   1489 |   3 |  629.0 |
               +--------+--------+--------+--------+--------+-----+--------+

Top non-repeatable levels by time:
     D:2: 815 daAuts
     D:1: 758 daAuts
     D:3: 312 daAuts
